 Dungeon Crawl Stone Soup version 0.23.2-40-g277498a001 (webtiles) character file.

Game seed: 9455180844853727939

9673 Destapler the Fighter (level 11, -21/159 HPs)
             Began as a Minotaur Berserker on Sept 14, 2019.
             Was a High Priest of Trog.
             Killed from afar by a lindwurm (25 damage)
             ... with a blast of flame
             ... on level 11 of the Dungeon.
             The game lasted 00:43:26 (11207 turns).

Destapler the Fighter (Minotaur Berserker)         Turns: 11207, Time: 00:43:28

Health: -21/159    AC: 11    Str: 28    XL:     11   Next: 26%
Magic:  0/13       EV: 13    Int:  4    God:    Trog [*****.]
Gold:   487        SH:  5    Dex: 12    Spells: 10/10 levels left

rFire    . . .     SeeInvis .   a - +1 falchion
rCold    . . .     Gourm    .   o - +0 buckler
rNeg     . . .     Faith    .   p - +3 leather armour
rPois    .         Spirit   +   (helmet restricted)
rElec    .         Reflect  .   k - +0 cloak
rCorr    .         Harm     .   n - +1 pair of gloves
MR       .....                  (no boots)
Stlth    ..........             E - amulet of guardian spirit
HPRegen  0.36/turn              (no ring)
MPRegen  0.13/turn              (no ring)

@: berserking, very quick
A: retaliatory headbutt, horns 2
a: Berserk, Trog's Hand, Brothers in Arms, Renounce Religion


You were on level 11 of the Dungeon.
You worshipped Trog.
Trog was extremely pleased with you.
You were near starving.

You visited 1 branch of the dungeon, and saw 11 of its levels.

You collected 527 gold pieces.
You spent 40 gold pieces at shops.

Inventory:

Hand Weapons
 a - a +1 falchion (weapon)
Missiles
 q - 259 stones
 v - 12 javelins
 w - 7 tomahawks
 D - 7 steel javelins (quivered)
 K - 5 silver javelins
Armour
 k - a +0 cloak (worn)
 n - a +1 pair of gloves (worn)
 o - a +0 buckler (worn)
 p - a +3 leather armour (worn)
 L - a +2 leather armour of fire resistance
Jewellery
 E - an amulet of guardian spirit (around neck)
 N - an uncursed amulet of rage
Wands
 h - a wand of disintegration (3)
 r - a wand of polymorph (13)
 y - a wand of acid (12)
 F - a wand of scattershot (7)
 I - a wand of iceblast (17)
Scrolls
 d - 2 scrolls of fear
 j - 9 scrolls of teleportation
 l - 3 scrolls of enchant weapon
 m - 3 scrolls of identify
 u - a scroll of enchant armour
 x - 4 scrolls of remove curse
 B - 2 scrolls of blinking
 G - 2 scrolls of immolation
Potions
 b - a potion of lignification
 e - 2 potions of invisibility
 f - 4 potions of curing
 g - a potion of cancellation
 i - 2 potions of haste
 t - a potion of flight
 z - a potion of resistance
 A - a potion of mutation {unknown}
 H - a potion of brilliance {unknown}
 J - 3 potions of ambrosia {unknown}
Miscellaneous
 s - a sack of spiders
Comestibles
 c - 21 rations
 C - 5 chunks of flesh


   Skills:
 + Level 12.8 Fighting
 + Level 7.0 Long Blades
 - Level 3.0 Throwing
 - Level 11.7 Armour
 - Level 3.7 Dodging
 + Level 6.4 Shields
 + Level 4.8 Evocations


You had 10 spell levels left.
You didn't know any spells.
Your spell library contained the following spells:

 Spells                   Type           Power        Failure   Level  Hunger
 Animate Skeleton         Necr           N/A          52%         1    ##.....
 Apportation              Tloc           #.....       52%         1    ##.....
 Confusing Touch          Hex            #.....       52%         1    ##.....
 Shock                    Conj/Air       #...         52%         1    ##.....
 Summon Small Mammal      Summ           #...         52%         1    ##.....
 Swiftness                Chrm/Air       #.......     67%         2    ###....
 Dazzling Spray           Conj/Hex       #.....       88%         3    ####...
 Inner Flame              Hex/Fire       #.......     88%         3    ####...
 Static Discharge         Conj/Air       #.......     88%         3    ####...
 Airstrike                Air            #.........   99%         4    #####..
 Iskenderun's Mystic Bla  Conj           #.......     99%         4    #####..
 Fireball                 Conj/Fire      #.........   100%        5    ######.
 Lightning Bolt           Conj/Air       #.........   100%        5    ######.


Dungeon Overview and Level Annotations

Branches:
Dungeon (11/15)            Temple (0/1) D:6            Lair (0/6) D:11
    Orc: D:9-12

Altars:
Ashenzari
Cheibriados
Gozag
Kikubaaqudgha
Makhleb
Okawaru
Qazlal
Ru
Uskayaw
Wu Jian
Xom
Yredelemnul
The Shining One
Beogh

Shops:
D:4 *

Annotations:
D:11 exclusion: 2 oklob plants


Innate Abilities, Weirdness & Mutations

You reflexively headbutt those who attack you in melee.
You have a pair of horns on your head.


Message History

The tyrant leech barely misses you.
You riposte.
You slash the tyrant leech! Your headbutt misses the tyrant leech.
The tyrant leech is severely wounded.
You slash the tyrant leech! You headbutt the tyrant leech.
You kill the tyrant leech!
Trog accepts your kill. The worm barely misses you.
You slash the worm!
The worm is heavily wounded.
A lindwurm comes into view.
The lindwurm roars!
You slash the worm!
The worm is almost dead.
You hit the worm.
You feel the power of Trog in you as your rage grows.
You kill the worm!
Trog accepts your kill. The lindwurm breathes flames at you.
The blast of flame hits you!!
You die...

,,,,,,,,,,,,,,,,,,#...oO#..o.####
****,********,,,,,#########o##
*,* *,,,,,,,* #o## *,* ****,****
#..# ***+**** ***+#### ###'####
*,*,,*,* #,*,.#.# #.#..#.#
*,**,,,* #.##..k* #†##.÷.#
*,*,,*,* #.#!%#,#### #.#o.#.#
*,,,**,* #..@##,#..# #.÷÷##.#
**,*,,*,*****#.#..#,#..# #.#..#.#
,****+****,,+####'###..######'###
,****,,***,*#...........#...o....
,*,,,,,,,+,*#....................
,*,*****,***#..........##........
,*,,,,,,,* #######'#####........
******+*** #)### #######+# ***,,*
#)..# *,*


You could see a lindwurm.

Vanquished Creatures
  A two-headed ogre (D:9)
  An unseen horror (D:8)
  Pikel (D:8)
  A lindwurm (D:10)
  A gargoyle (D:10)
  A troll (D:10)
  Prince Ribbit (D:7)
  2 tyrant leeches
  A hippogriff (D:10)
  A spriggan (D:7)
  A wyvern (D:10)
  Grum (D:8)
  A hungry ghost (D:10)
  Duvessa (D:7)
  7 orc warriors
  2 phantoms
  4 ice beasts
  2 sky beasts
  2 black bears
  4 slaves (D:8)
  4 wolves (D:8)
  4 centaurs
  4 ogres
  3 crocodiles
  7 bullfrogs
  A wyvern zombie (D:8)
  Dowan (D:7)
  A wyvern skeleton (D:9)
  5 scorpions
  8 killer bees
  3 howler monkeys (D:9)
  2 bullfrog zombies
  2 crimson imps
  3 hounds
  A jelly (D:7)
  4 quasits
  5 orc priests
  3 centaur skeletons
  11 orc wizards
  A bullfrog skeleton (D:8)
  Jessica (D:2)
  Natasha (thrice) (D:2)
  2 iguanas
  2 hell rats (D:11)
  6 worker ants
  A killer bee zombie (D:10)
  2 howler monkey skeletons
  8 adders
  4 river rats (D:11)
  2 shadow imps (D:9)
  An ooze (D:7)
  3 adder skeletons (D:4)
  10 worms
  2 dart slugs
  6 leopard geckos
  48 orcs
  4 ball pythons
  5 giant cockroaches
  6 goblins
  2 hobgoblins
  15 jackals
  A quokka (D:7)
  9 bats
  2 frilled lizards
  A jackal skeleton (D:9)
  A jackal zombie (D:5)
  A kobold (D:2)
  A leopard gecko zombie (D:7)
  A quokka zombie (D:7)
  13 rats
  A spectral orc (D:2)
273 creatures vanquished.

Notes
Turn   | Place    | Note
-------+----------+-------------------------------------------
     0 | D:1      | Destapler the Minotaur Berserker began the quest for the
                  | Orb.
     0 | D:1      | Reached XP level 1. HP: 19/19 MP: 0/0
   400 | D:1      | Reached XP level 2. HP: 27/27 MP: 1/1
   736 | D:2      | Reached skill level 1 in Throwing
   939 | D:2      | Found a snail-covered altar of Cheibriados.
   984 | D:2      | Reached XP level 3. HP: 21/33 MP: 2/2
  1085 | D:2      | Noticed Jessica
  1088 | D:2      | Killed Jessica
  1088 | D:2      | Reached skill level 4 in Fighting
  1112 | D:2      | Reached XP level 4. HP: 31/40 MP: 3/3
  1113 | D:2      | Noticed Natasha
  1124 | D:2      | Killed Natasha
  1164 | D:2      | Found a basalt altar of Yredelemnul.
  1165 | D:2      | Noticed Natasha
  1384 | D:2      | Killed Natasha
  1385 | D:2      | Reached ** piety under Trog
  1763 | D:2      | Noticed Natasha
  1769 | D:2      | Killed Natasha
  1769 | D:2      | Reached XP level 5. HP: 38/47 MP: 4/4
  1846 | D:2      | Found a stormy altar of Qazlal.
  1846 | D:2      | Found an opulent altar of Gozag.
  1847 | D:2      | Found a hide-covered altar of Uskayaw.
  2515 | D:4      | Noticed a phantom
  2522 | D:4      | Reached skill level 1 in Evocations
  2534 | D:4      | Killed a phantom
  2534 | D:4      | Reached XP level 6. HP: 25/53 MP: 4/6
  2607 | D:4      | Found an iron altar of Okawaru.
  2609 | D:4      | Found an ancient bone altar of Kikubaaqudgha.
  2609 | D:4      | Found a shattered altar of Ashenzari.
  2609 | D:4      | Found a shimmering altar of Xom.
  2681 | D:4      | You fall through a shaft for 2 floors!
  2722 | D:6      | Reached skill level 1 in Shields
  2723 | D:6      | Reached skill level 5 in Fighting
  2730 | D:6      | Reached XP level 7. HP: 38/61 MP: 7/7
  2820 | D:6      | Found a staircase to the Ecumenical Temple.
  2824 | D:6      | Reached skill level 5 in Long Blades
  3049 | D:6      | Reached *** piety under Trog
  3240 | D:6      | Found an ornate altar of the Wu Jian Council.
  3281 | D:6      | Reached skill level 6 in Fighting
  3281 | D:6      | Reached skill level 5 in Armour
  3281 | D:6      | Reached XP level 8. HP: 43/70 MP: 9/9
  3423 | D:5      | Entered Level 5 of the Dungeon
  3707 | D:5      | Reached skill level 7 in Fighting
  4312 | D:4      | Reached **** piety under Trog
  4334 | D:4      | Found Lettet's General Store.
  4339 | D:4      | Bought a scroll of identify for 20 gold pieces
  4339 | D:4      | Bought a scroll of identify for 20 gold pieces
  4881 | D:7      | Found a burning altar of Makhleb.
  4922 | D:7      | Reached skill level 8 in Fighting
  5124 | D:7      | Reached XP level 9. HP: 50/82 MP: 10/10
  5136 | D:7      | Noticed Duvessa
  5143 | D:7      | Noticed Dowan
  5152 | D:7      | Killed Duvessa
  5152 | D:7      | Reached skill level 9 in Fighting
  5155 | D:7      | Killed Dowan
  5302 | D:7      | Noticed Prince Ribbit
  5816 | D:7      | Killed Prince Ribbit
  5835 | D:7      | Found a sacrificial altar of Ru.
  5971 | D:8      | Reached skill level 10 in Fighting
  6110 | D:8      | Killed an unseen horror
  6110 | D:8      | Reached skill level 10 in Armour
  6751 | D:8      | Noticed Pikel
  6759 | D:8      | Killed Pikel
  6759 | D:8      | Reached skill level 11 in Fighting
  6759 | D:8      | Reached XP level 10. HP: 93/96 MP: 11/11
  6905 | D:8      | Noticed Grum
  6922 | D:8      | Killed Grum
  7737 | D:9      | Reached ***** piety under Trog
  7749 | D:9      | Identified the Almanac of Battle Magic and Heat
  7821 | D:9      | Received a gift from Trog
  7857 | D:9      | Found a sacrificial altar of Ru.
  7950 | D:9      | Reached skill level 12 in Fighting
  8022 | D:9      | Found a glowing golden altar of the Shining One.
  8486 | D:10     | Entered Level 10 of the Dungeon
  8544 | D:10     | Noticed a two-headed ogre
  8698 | D:9      | Killed a two-headed ogre
  8768 | D:9      | Reached skill level 5 in Shields
  9471 | D:10     | Received a gift from Trog
  9516 | D:10     | Reached XP level 11. HP: 63/105 MP: 8/13
  9821 | D:11     | Found a staircase to the Lair.
  9885 | D:11     | Noticed an oklob plant
  9887 | D:11     | Noticed an oklob plant
  9989 | D:11     | Found a roughly hewn altar of Beogh.
 10408 | D:11     | HP: 4/105 [tyrant leech (21)]
 10409 | D:11     | Noticed a lindwurm
 10775 | D:10     | Killed a lindwurm
 11200 | D:11     | HP: 2/159 [tyrant leech (14)]
 11205 | D:11     | Noticed a lindwurm
 11207 | D:11     | Killed from afar by a lindwurm

Skill      XL: |  1  2  3  4  5  6  7  8  9 10 11 |
---------------+----------------------------------+-----
Throwing       | 1 2 3 |  3.0
Fighting       | 4 5 6 8 11 12 | 12.8
Long Blades    | 4 5 6 7 |  7.0
Armour         | 3 4 5 8 10 11 | 11.7
Dodging        | 3 |  3.7
Evocations     | 1 2 3 4 |  4.8
Shields        | 1 4 5 6 |  6.4

Action                   |  1- 3 |  4- 6 |  7- 9 | 10-12 || total
-------------------------+-------+-------+-------+-------++-------
Melee: Falchion          |    36 |    94 |   317 |   389 ||   836
       Headbutt          |     6 |    23 |    79 |   107 ||   215
Throw: Stone             |       |     1 |     2 |       ||     3
       Javelin           |       |       |    16 |     8 ||    24
       Tomahawk          |       |       |     2 |       ||     2
Invok: Berserk           |     2 |     1 |     3 |     6 ||    12
       Trog's Hand       |       |       |     1 |       ||     1
Evoke: Wand              |       |       |     4 |     6 ||    10
  Use: Potion            |       |     1 |     3 |     2 ||     6
       Scroll            |       |     8 |     8 |     2 ||    18
 Stab: Sleeping          |     1 |       |       |     1 ||     2
  Eat: Chunk             |     2 |     5 |    18 |    21 ||    46
Armor: Animal skin       |    10 |    21 |       |       ||    31
       Leather armour    |       |     5 |   112 |   129 ||   246
Dodge: Dodged            |    22 |    59 |   179 |   229 ||   489
Block: Buckler           |       |     2 |    70 |    95 ||   167
       Rpst.: Falchion   |     6 |    13 |    37 |    65 ||   121
